 Dungeon Crawl Stone Soup version 0.26-a0-664-gc8b27b8fc1 (webtiles) character file.

Game seed: 6390488080509754930

48 Descartes the Sneak (level 3, -3/14 HPs)
             Began as a Felid Enchanter on Oct 13, 2020.
             Slain by a kobold
             ... wielding a +0 short sword
              (4 damage)
             ... on level 2 of the Dungeon.
             The game lasted 00:03:54 (2251 turns).

Descartes the Sneak (Felid Enchanter)               Turns: 2251, Time: 00:03:55

Health: -3/14      AC:  1    Str:  5    XL:     3   Next: 50%
Magic:  7/7        EV: 18    Int: 16    God:
Gold:   35         SH:  0    Dex: 16    Spells: 5/6 levels left
                                        Lives:  0   Deaths: 0

rFire    . . .     SeeInvis +     - Unarmed
rCold    . . .     Faith    .   (shield unavailable)
rNeg     . . .     Spirit   .   (armour unavailable)
rPois    .         Reflect  .   (helmet unavailable)
rElec    .         Harm     .   (cloak unavailable)
rCorr    .         Rampage  .   (gloves unavailable)
MR       .....                  (boots unavailable)
Stlth    ++++......             (no amulet)
HPRegen  0.04/turn              (no ring)
MPRegen  0.10/turn              (no ring)

@: mighty, brilliant, lethally poisoned (-3 -> -6), quick
A: very small, no armour, no weapons or thrown items, stealth, claws 1, fangs 3,
see invisible, speed 1, shaggy fur 1, sharp paws
a: no special abilities


You were on level 2 of the Dungeon.
You visited 1 branch of the dungeon, and saw 2 of its levels.

You collected 35 gold pieces.

Inventory:

Missiles
 b - 61 stones
 g - 10 arrows
Jewellery
 a - a +4 ring of protection {unknown}
Scrolls
 d - a scroll of teleportation {unknown}
 f - 2 scrolls of identify {unknown}
 h - a scroll of remove curse {unknown}
Potions
 i - a potion of curing {unknown}


   Skills:
 + Level 3.1 Dodging
 - Level 6.0 Stealth
 + Level 1.3 Unarmed Combat
 - Level 2.0 Spellcasting
 - Level 4.4 Hexes


You had 5 spell levels left.
You knew the following spells:

 Your Spells              Type           Power        Failure   Level
a - Corona                Hex            ###....      3%          1

Your spell library contained the following spells:

 Spells                   Type           Power        Failure   Level
 Confusing Touch          Hex            ###.....     11%         3
 Tukima's Dance           Hex            ###.....     11%         3
 Ensorcelled Hibernation  Hex/Ice        ##....       13%         2
 Dazzling Flash           Conj/Hex       ##....       26%         3


Dungeon Overview and Level Annotations

Branches:
Dungeon (2/15)

Altars:
Yredelemnul


Innate Abilities, Weirdness & Mutations

You cannot wear armour.
You are incapable of wielding weapons or throwing items.
Your paws allow you to move quietly. (Stealth)
You have sharp claws.
You have razor-sharp teeth.
You have supernaturally acute eyesight. (SInv)
You cover ground quickly.
You are covered in fur. (AC +1)
Your sharp claws are effective at attacking unaware monsters.


Message History

You barely miss the adder.
The adder is moderately wounded.
The adder closely misses you. The kobold misses you.
You miss the adder.
The adder is moderately wounded.
You feel sick. The adder misses you. The adder bites you.
The kobold hits you with a +0 short sword.
* * * LOW HITPOINT WARNING * * *
You are too injured to fight recklessly!
You are too injured to fight recklessly!
It was a potion of might.
You feel very mighty all of a sudden. The adder bites you.
* * * LOW HITPOINT WARNING * * *
The kobold completely misses you.
It was a potion of brilliance.
You feel clever all of a sudden. The adder barely misses you.
The kobold hits you with a +0 short sword.
You die...

#.#...## #######
#......###.....####
#..........#......#
####.#####...#.##.#
#.# ###.#.##.# #.#
#......# #+#
#...#### #...#
#..@# ##KS# #...
..... ##...## #..##
..## ##


You could see an adder and a kobold.

Vanquished Creatures
  2 oozes (D:1)
  A dart slug (D:1)
  2 ball pythons
  5 bats (D:1)
  4 giant cockroaches (D:1)
  4 goblins (D:1)
  5 hobgoblins (D:1)
  3 jackals (D:2)
  2 kobolds (D:2)
  A quokka (D:2)
  A frilled lizard (D:1)
  A rat (D:2)
31 creatures vanquished.

Notes
Turn   | Place    | Note
-------+----------+-------------------------------------------
     0 | D:1      | Descartes the Felid Enchanter began the quest for the Orb.
     0 | D:1      | Reached XP level 1. HP: 7/7 MP: 4/4
   294 | D:1      | Reached XP level 2. HP: 3/11 MP: 6/6
   326 | D:1      | Reached skill level 5 in Stealth
  1214 | D:1      | Reached XP level 3. HP: 10/14 MP: 7/7
  1225 | D:1      | Reached skill level 6 in Stealth
  1927 | D:2      | Found a basalt altar of Yredelemnul.
  2251 | D:2      | Slain by a kobold

Illustrated notes

Levels and vault maps discovered:
D:1:      nicolae_arrival_washed_ashore, layout_rooms, hangedman_feature_mirror
D:2:      layout_loops_corners, overflow_temple_1_default, minmay_tiny_reverse_x

Skill      XL: |  1  2  3 |
---------------+----------+-----
Stealth        | 5 6 |  6.0
Dodging        | 3 |  3.1
Unarmed Combat | |  1.3
Spellcasting   | |  2.0
Hexes          | |  4.4

Action                   || total
-------------------------++-------
Melee: Unarmed           ||   116
       Bite              ||    12
  Use: Potion            ||     2
 Stab: Sleeping          ||    10
Armor: Skin              ||    10
Dodge: Dodged            ||   114

Table legend: (Time is in decaauts)
 A = Elapsed time spent in this place.
 B = Non-inter-level travel time spent in this place.
 C = Inter-level travel time spent in this place.
 D = Time resting spent in this place.
 E = Time spent auto-exploring this place.
 F = Levels seen in this place.
 G = Mean time per level.
                   A        B        C        D        E       F      G
               +--------+--------+--------+--------+--------+-----+--------+
         Total |   2043 |   2010 |     33 |      5 |   1615 |   2 | 1021.5 |
       Dungeon |   2043 |   2010 |     33 |      5 |   1615 |   2 | 1021.5 |
               +--------+--------+--------+--------+--------+-----+--------+

Top non-repeatable levels by time:
     D:1: 1752 daAuts
     D:2: 290 daAuts
